 Dungeon Crawl Stone Soup version 0.20.0-8-g6b59dc7 (webtiles) character file.

299 asthiss the Ruffian (level 6, -1/59 HPs)
             Began as a Troll Fighter on May 30, 2017.
             Slain by an ogre
             ... wielding a +0 giant spiked club
              (17 damage)
             ... on level 4 of the Dungeon.
             The game lasted 00:09:10 (1909 turns).

asthiss the Ruffian (Troll Fighter)                 Turns: 1909, Time: 00:09:11

Health: -1/59      AC:  5    Str: 26    XL:     6   Next: 13%
Magic:  5/5        EV:  9    Int:  4    God:
Gold:   175        SH:  9    Dex: 10    Spells: 5/5 levels left

rFire    . . .     SeeInvis .     - Unarmed
rCold    . . .     Gourm    +   b - +0 shield
rNeg     . . .     Faith    .   a - +0 robe
rPois    .         Spirit   .   (helmet restricted)
rElec    .         Reflect  .   (no cloak)
rCorr    .         Harm     .   (gloves unavailable)
MR       .....                  (boots unavailable)
Stlth    +.........             (no amulet)
Regen    0.6/turn               (no ring)
MPRegen  0.1/turn               (no ring)

@: no status effects
A: unfitting armour, claws 3, fast metabolism 3, gourmand, regeneration 1,
shaggy fur 1, tough skin 2
a: no special abilities


You were on level 4 of the Dungeon.
You were completely stuffed.

You visited 1 branch of the dungeon, and saw 4 of its levels.

You collected 175 gold pieces.

Inventory:

Armour
 a - a +0 robe (worn)
 b - a +0 shield (worn)
Scrolls
 f - 2 scrolls of identify
Potions
 c - a potion of might
 e - a potion of curing
Comestibles
 d - 6 bread rations
 g - a meat ration
 h - 4 fruits
 i - 5 chunks of flesh


   Skills:
 + Level 2.9 Fighting
 + Level 3.2 Dodging
 + Level 3.7 Shields
 + Level 4.3 Unarmed Combat


You had 5 spell levels left.
You didn't know any spells.

Dungeon Overview and Level Annotations

Branches:
Dungeon (4/15)
 Temple: D:4-7

Altars:
Kikubaaqudgha
Nemelex Xobeh
Sif Muna
Uskayaw
Yredelemnul


Innate Abilities, Weirdness & Mutations

You are too large for most types of armour.
You have claws for hands.
Your metabolism is lightning-fast.
You like to eat raw meat.
Your natural rate of healing is unusually fast.
You are covered in fur. (AC +1)
You have very tough skin. (AC +2)


Message History

The ogre is almost dead.
You block the quokka's attack. The quokka misses you.
The ogre closely misses you.
You scratch the ogre but do no damage.
The ogre is almost dead.
The quokka bites you.
The ogre hits you with a giant spiked club!!
* * * LOW HITPOINT WARNING * * *
There is an open door, spattered with blood here.
The quokka twitches its whiskers.
You block the quokka's attack.
You closely miss the quokka. The quokka barely misses you.
Your shield prevents you from hitting the quokka.
You block the quokka's attack.
You mangle the quokka!!
You kill the quokka!
You scratch the ogre but do no damage.
The ogre is almost dead.
The ogre hits you with a giant spiked club!
You die...

#.#####'####^#
#...... #.#
#...# #.#
#...... #.#
#.### #.#
#.).... #.# #.#
###'###......
#.# #.#
#............
#.# #.#
#............
#.# #.#
#............
#.# #.#
#.......#####
#@# #.......# #
#O# #...(.<.#
#.#'##
#.......#
#....#
###'#####
#......# #.#
#......# #.#
###....# #.###
.....#####'#[#
####+##.......#


You could see an ogre.

Vanquished Creatures
  2 ogres (D:4)
  A worker ant (D:4)
  A hound skeleton (D:4)
  4 adders
  An ooze (D:3)
  2 worms
  2 dart slugs
  3 leopard geckos
  8 bats
  6 goblins
  3 hobgoblins
  12 jackals
  A kobold (D:1)
  2 quokkas
  A ball python (D:2)
  A frilled lizard (D:1)
  4 rats
54 creatures vanquished.

Notes
Turn   | Place    | Note
-------+----------+-------------------------------------------
     0 | D:1      | asthiss the Troll Fighter began the quest for the Orb.
     0 | D:1      | Reached XP level 1. HP: 22/22 MP: 0/0
   175 | D:1      | Reached XP level 2. HP: 29/29 MP: 1/1
   630 | D:2      | Reached XP level 3. HP: 36/36 MP: 2/2
   920 | D:2      | Found a basalt altar of Yredelemnul.
  1097 | D:2      | Reached XP level 4. HP: 44/44 MP: 3/3
  1098 | D:2      | Reached skill level 3 in Unarmed Combat
  1406 | D:3      | Found an ancient bone altar of Kikubaaqudgha.
  1557 | D:3      | Found a hide-covered altar of Uskayaw.
  1557 | D:3      | Found a sparkling altar of Nemelex Xobeh.
  1746 | D:4      | Noticed an ogre
  1760 | D:4      | Killed an ogre
  1760 | D:4      | Reached skill level 4 in Unarmed Combat
  1760 | D:4      | Reached XP level 5. HP: 24/52 MP: 4/4
  1822 | D:4      | Noticed an ogre
  1826 | D:4      | Killed an ogre
  1859 | D:4      | Found a deep blue altar of Sif Muna.
  1877 | D:4      | Reached XP level 6. HP: 59/59 MP: 5/5
  1909 | D:4      | Slain by an ogre

Skill      XL: |  1  2  3  4 |
---------------+-------------+-----
Dodging        | 3 |  3.2
Unarmed Combat | 4 |  4.3
Shields        | 3 |  3.7
Fighting       | |  2.9

Action                   |  1- 3 |  4- 6 || total
-------------------------+-------+-------++-------
Melee: Unarmed           |    93 |    88 ||   181
  Use: Potion            |     3 |       ||     3
       Scroll            |     4 |     1 ||     5
  Eat: Chunk             |    11 |    12 ||    23
Armor: Robe              |    37 |    24 ||    61
Dodge: Dodged            |    32 |    30 ||    62
Block: Shield            |    49 |    51 ||   100
